AoeStats
← Fluvialgeomorphologist

Black Forest

505798207Analyzed
4v4 RM · 20d ago on Sep 11, 2026· 48m 30s· 8 players
Game mode
Random Map
Map size
Large (8 player)
Population
200
Speed
Normal
Resources
Standard
Victory
Conquest
Starting age
Dark Age
Ending age
Imperial Age
RankedLock teamsTeams togetherTeam positionsShared explorationLock speedFull tech treeHidden civsTurbo modeCheats
Victory
Defeat
🇧🇷 Celts · Brazil
899
+14
🇦🇷 Franks · Argentina
856
+15
🇧🇴 Poles · Bolivia
848
+16
🇧🇴 Italians · Bolivia
847
+16
🇲🇽 Khmer · Mexico
904
-18
🇺🇸 Bohemians · United States
869
-16
🇬🇧 Lithuanians · United Kingdom
819
-14
🇧🇷 Spanish · Brazil
783
-13
OG. Arce Catacora
0:39 Loom
16:36 Feudal Age
17:11 Town Watch
19:00 Double-Bit Axe
21:51 Castle Age
19:40 Horse Collar
19:45 Fishing Lines
20:20 Gold Mining
20:24 Stone Mining
24:02 Bow Saw
24:48 Gillnets
26:03 Wheelbarrow
27:29 Caravan
30:57 Hand Cart
34:03 Imperial Age
31:46 Fletching
32:19 Ballistics
31:41 Treadmill Crane
32:39 Fervor
33:15 Heavy Plow
33:57 Fortified Wall
33:58 Masonry
35:26 Crop Rotation
36:10 Bodkin Arrow
37:25 Chemistry
37:06 Bracer
37:06 Padded Archer Armor
38:16 Architecture
38:14 Silk Road
38:27 Conscription
38:58 Stone Shaft Mining
38:55 Leather Archer Armor
40:02 Hoardings
40:27 Ring Archer Armor
41:21 Elite Genoese Crossbowman
42:33 Thumb Ring
el low me hizo reflexionar
3:33 Loom
12:17 Feudal Age
12:40 Man-at-Arms
20:34 Castle Age
29:21 Husbandry
28:42 Light Cavalry
28:45 Pikeman
28:47 Long Swordsman
30:27 Double-Bit Axe
31:10 Scale Barding Armor
31:40 Gold Mining
32:29 Chain Barding Armor
32:19 Forging
32:45 Stone Mining
33:39 Gold Shaft Mining
34:23 Forging
37:07 Imperial Age
35:19 Wheelbarrow
34:12 Elite Skirmisher
34:41 Gambesons
34:58 Squires
34:45 Arson
35:15 Town Watch
36:50 Hand Cart
37:37 Iron Casting
36:39 Crossbowman
37:28 Fletching
37:38 Padded Archer Armor
38:43 Bow Saw
38:25 Cavalier
39:30 Conscription
39:49 Hoardings
40:24 Chemistry
39:32 Siege Engineers
41:36 Blast Furnace
41:11 Plate Barding Armor
40:34 Bodkin Arrow
40:54 Leather Archer Armor
41:28 Paladin
42:44 Caravan
47:19 Elite Throwing Axeman
48:53 Scale Mail Armor
T⌂ÖN
8:47 Loom
14:25 Feudal Age
14:53 Double-Bit Axe
14:53 Fishing Lines
15:01 Horse Collar
16:59 Wheelbarrow
21:24 Castle Age
23:36 Bow Saw
23:21 Gillnets
23:54 Scale Barding Armor
23:50 Scale Mail Armor
24:59 Hand Cart
25:28 Chain Barding Armor
26:54 Heavy Plow
28:41 Chain Mail Armor
28:36 Forging
29:18 Coinage
29:21 Treadmill Crane
33:16 Imperial Age
30:31 Town Watch
30:58 Caravan
31:53 Fortified Wall
31:55 Masonry
31:41 Stone Mining
31:42 Gold Mining
33:37 Stone Shaft Mining
33:39 Iron Casting
33:07 Arson
33:32 Town Patrol
34:44 Plate Mail Armor
35:20 Chemistry
35:02 Crop Rotation
34:41 Husbandry
35:27 Bloodlines
34:38 Light Cavalry
36:24 Blast Furnace
36:05 Winged Hussar
36:58 Siege Engineers
37:17 Conscription
38:02 Lechitic Legacy
37:48 Szlachta Privileges
39:50 Ballistics
39:41 Murder Holes
39:52 Squires
40:06 Padded Archer Armor
39:56 Fletching
41:39 Banking
thenoobmaster-69
0:29 Loom
14:32 Feudal Age
16:07 Horse Collar
16:16 Double-Bit Axe
18:44 Wheelbarrow
27:17 Castle Age
27:18 Gold Mining
30:30 Bow Saw
31:15 Fishing Lines
32:15 Heavy Plow
35:48 Fortified Wall
35:43 Caravan
35:46 Scale Mail Armor
35:47 Padded Archer Armor
35:57 Forging
35:38 Fletching
38:46 Imperial Age
39:09 Hand Cart
40:11 Stronghold
40:43 Conscription
41:14 Guilds
41:26 Heavy Scorpion
45:32 Capped Ram
45:33 Onager
47:18 Pikeman
47:54 Halberdier
neethgiE
11:09 Feudal Age
11:31 Loom
16:52 Castle Age
16:05 Double-Bit Axe
16:44 Horse Collar
18:28 Caravan
23:25 Bow Saw
27:44 Heavy Plow
29:35 Gold Mining
29:37 Stone Mining
32:41 Imperial Age
33:03 Scale Barding Armor
33:15 Husbandry
33:27 Bloodlines
33:43 Conscription
32:49 Cavalier
33:54 Forging
35:25 Two-Man Saw
35:43 Iron Casting
38:10 Chain Barding Armor
37:26 Paladin
39:54 Plate Barding Armor
42:00 Light Cavalry
42:46 Elite Leitis
45:00 Winged Hussar
Tamor
14:25 Feudal Age
19:32 Castle Age
20:27 Double-Bit Axe
29:18 Wheelbarrow
28:50 Town Watch
28:51 Loom
30:32 Horse Collar
31:09 Bow Saw
31:59 Padded Archer Armor
32:04 Heavy Plow
32:22 Caravan
34:10 Ballistics
33:49 Gold Mining
33:49 Stone Mining
38:05 Imperial Age
39:37 Hand Cart
39:23 Town Patrol
39:29 Elite Conquistador
40:30 Conscription
41:28 Husbandry
41:39 Bloodlines
42:38 Chemistry
41:49 Masonry
41:35 Murder Holes
42:07 Leather Archer Armor
Fluvialgeomorphologist
1:22 Loom
12:30 Feudal Age
16:30 Castle Age
18:14 Wheelbarrow
21:18 Double-Bit Axe
21:20 Horse Collar
22:16 Bow Saw
25:45 Fervor
27:53 Heavy Plow
29:12 Hand Cart
35:34 Imperial Age
34:12 Chemistry
32:44 Pikeman
33:25 Squires
34:29 Forging
34:20 Scale Mail Armor
36:01 Iron Casting
36:19 Chain Mail Armor
35:56 Fletching
36:07 Padded Archer Armor
35:32 Elite Skirmisher
35:46 Halberdier
38:47 Two-Man Saw
38:00 Caravan
38:59 Plate Mail Armor
39:30 Blast Furnace
38:49 Town Watch
39:56 Town Patrol
40:44 Leather Archer Armor
40:25 Bodkin Arrow
41:34 Conscription
41:22 Wagenburg Tactics
41:42 Siege Engineers
42:39 Houfnice
43:03 Capped Ram
HTELRA6828
0:44 Loom
14:42 Feudal Age
16:08 Wheelbarrow
15:43 Double-Bit Axe
17:07 Horse Collar
18:09 Town Watch
18:46 Gold Mining
23:47 Stone Mining
26:54 Castle Age
28:16 Bow Saw
28:24 Hand Cart
28:12 Heavy Plow
28:17 Caravan
29:51 Guard Tower
31:49 Gold Shaft Mining
33:03 Fortified Wall
34:10 Stone Shaft Mining
35:45 Town Patrol
41:28 Imperial Age
40:08 Ballistics
42:48 Crop Rotation
43:57 Chemistry
42:25 Capped Ram
42:28 Heavy Scorpion
45:48 Double Crossbow
Connection lost

Rejoining the realm…

Still unreachable

The connection could not be restored.

Session expired

The server has moved on; the page needs a fresh start.